 Dungeon Crawl Stone Soup version 0.29.1-1-gd02db6906a (webtiles) character file.

Game seed: 2017194818842462894

7 xian the Covered (level 1, -1/14 HPs)
             Began as a Minotaur Wanderer on Oct 3, 2022.
             Slain by a goblin
             ... wielding a +0 club
              (4 damage)
             ... on level 1 of the Dungeon.
             The game lasted 00:00:54 (207 turns).

xian the Covered (Minotaur Wanderer)                 Turns: 207, Time: 00:00:55

Health: -1/14      AC:  5    Str: 20    XL:     1   Next: 83%
Magic:  1/1        EV: 10    Int:  7    God:
Gold:   23         SH:  0    Dex:  7    Spells: 1/2 levels left

rFire   . . .      SeeInvis .   a - +0 dagger (vorpal)
rCold   . . .      Faith    .   (no shield)
rNeg    . . .      Spirit   .   c - +0 ring mail
rPois   .          Reflect  .   (helmet restricted)
rElec   .          Harm     .   (no cloak)
rCorr   .          Rampage  .   (no gloves)
Will    .....                   (no boots)
Stlth   ..........              (no amulet)
HPRegen 0.04/turn               (no ring)
MPRegen 0.07/turn               (no ring)

@: no status effects
A: horns 2, retaliatory headbutt
a: no special abilities


You were on level 1 of the Dungeon.
You visited 1 branch of the dungeon, and saw 1 of its levels.

You collected 23 gold pieces.

Inventory:

Hand Weapons
 a - a +0 vorpal dagger (weapon)
Missiles
 b - 2 curare-tipped darts (quivered)
Armour
 c - a +0 ring mail (worn)
Potions
 d - a potion of might


   Skills:
 + Level 3.2 Throwing
 + Level 3.7 Armour
 + Level 0.4 Dodging
 + Level 1.0 Spellcasting
 + Level 2.2 Fire Magic


You had one spell level left.
You knew the following spells:

 Your Spells              Type           Power      Damage    Failure   Level
a - Foxfire               Conj/Fire      4%         2x1d4     41%         1

Your spell library contained the following spells:

 Spells                   Type           Power      Damage    Failure   Level
 Inner Flame              Hex/Fire       1%         N/A       78%         3
 Tukima's Dance           Hex            0%         N/A       90%         3
 Passage of Golubria      Tloc           0%         N/A       100%        4
 Yara's Violent Unravell  Hex/Tmut       0%         3d3       100%        5


Dungeon Overview and Level Annotations

Branches:
Dungeon (1/15)

Altars:


Innate Abilities, Weirdness & Mutations

You have a pair of horns on your head.
You reflexively headbutt those who attack you in melee.


Message History

You kill the quokka!
You see here a +0 ring mail.
You now have 23 gold pieces (gained 9).
Found 8 stones.
Found an escape hatch in the floor.
You pick up Great Wizards, Vol.
VII and begin reading...
You add the spells Tukima's Dance, Passage of Golubria and Yara's Violent Unravelling to your library.
A goblin and a hobgoblin come into view.
The goblin shouts!
The hobgoblin shouts!
Unknown command.
A ball python comes into view.
Found a leather armour.
The goblin hits you with a +0 club.
You hit the hobgoblin. Your headbutt misses the hobgoblin.
The hobgoblin is severely wounded.
The goblin hits you with a +0 club. The hobgoblin barely misses you.
You hit the hobgoblin but do no damage.
The hobgoblin is severely wounded.
The goblin hits you with a +0 club.
The hobgoblin hits you but does no damage.
Unknown command.
You hit the hobgoblin but do no damage. Your headbutt misses the hobgoblin.
The hobgoblin is severely wounded.
The ball python bites you. The ball python grabs you.
The ball python constricts you.
The ball python bites you but does no damage.
The ball python constricts you. The hobgoblin hits you.
The goblin hits you but does no damage.
You hit the hobgoblin.
You kill the hobgoblin!
The ball python bites you but does no damage.
The ball python constricts you. The goblin hits you but does no damage.
The ball python's grasp on you weakens, but your attempt to escape fails.
The ball python bites you.
* * * LOW HITPOINT WARNING * * *
The ball python constricts you. The goblin hits you but does no damage.
Unknown command.
You escape the ball python's grasp.
The goblin attacks as you move away! The goblin hits you with a +0 club.
You die...

#...#
#.......[...###♣##...##
#...# #...........#
♣<♣##.#..
###.####..........#
♣..♣##... #..#
##.........###..♣##.##
##.#
###........#♣.♣##..#
#.# #.......#..♣.♣.#.#
#.#
#####......####♣.##.#
#.###..........##
####.#
#.##..##.@....... #.#
#######.##.###S†g......
..#
#..........#...........
..#
..#####.#.##.#.........
... #.(..#..##........
#..###. ........# #..#
[. .#####.## ......# .
.. ..##.#


You could see a goblin and a ball python.

Vanquished Creatures
  A dart slug (D:1)
  A hobgoblin (D:1)
  A quokka (D:1)
  A frilled lizard (D:1)
  A kobold (D:1)
5 creatures vanquished.

Notes
Turn   | Place    | Note
-------+----------+-------------------------------------------
     0 | D:1      | xian the Minotaur Wanderer began the quest for the Orb.
     0 | D:1      | xian set off with the following items: a +0 vorpal dagger,
                  | 2 curare-tipped darts, a +0 ring mail, a potion of might;
                  | and the following spell memorised: Foxfire; and the
                  | following spells available to memorise: Inner Flame.
     0 | D:1      | Reached XP level 1. HP: 14/14 MP: 1/1
   207 | D:1      | Slain by a goblin

Illustrated notes

Levels and vault maps discovered:
D:1:      pf_arrival_petrified_forest, layout_rooms,
          hellmonk_ecumenical_altar_heavens_door, chequers_serial_rivers_room_a

Action                   || total
-------------------------++-------
Melee: Dagger            ||    13
       Headbutt          ||     2
Armor: Ring mail         ||     8
Dodge: Dodged            ||    11
